Sharks vs Flames

Created - November 7 2011 at 18:29

Goals
1 2 3 T
Sharks 3 0 0 3
Flames 3 2 1 6
Shots
1 2 3 T
Sharks 11 4 11 26
Flames 10 12 10 32

Period #1

1. Sharks , Francois Beauchemin 1 (Jeff Skinner, Alex Tanguay) at 3:21 (PP)
2. Sharks , Eric Belanger 1 (Bryan McCabe, Pierre-Alexandre Parenteau) at 3:32
3. Flames , Joffrey Lupul 3 (John Tavares) at 6:10 (PP)
4. Sharks , Blake Comeau 3 (Jarret Stoll, Shane Doan) at 7:46
5. Flames , John Tavares 4 (Erik Johnson) at 15:05
6. Flames , Jack Johnson 5 (Mikael Samuelsson, John Tavares) at 17:45

Penalties :
Josh Gorges (CGY) for Tripping (Minor) at 2:37, Lauri Korpikoski (SJS) for Slashing (Minor) at 3:46, Pierre-Alexandre Parenteau (SJS) for Elbowing (Minor) at 6:00, Lauri Korpikoski (SJS) for Hooking (Minor) at 8:29, Josh Gorges (CGY) for Holding (Minor) at 11:10, Marc Savard (SJS) for Hooking (Minor) at 14:18, Mikael Samuelsson (CGY) for Holding (Minor) at 14:53

Period #2

7. Flames , Mikael Samuelsson 5 (Erik Johnson, John Tavares) at 8:51
8. Flames , Mikael Samuelsson 6 (John Tavares, Dan Hamhuis) at 9:14

Penalties :
Dan Hamhuis (CGY) for Hooking (Minor) at 0:51, Jeff Skinner (SJS) for Tripping (Minor) at 0:51, Mark Stuart (SJS) for Tripping (Minor) at 4:58, Zach Bogosian (CGY) for Hooking (Minor) at 7:35, Blake Comeau (SJS) for Interference (Minor) at 8:39, Marc Savard (SJS) for Hooking (Minor) at 11:31, Jiri Hudler (CGY) for Holding (Minor) at 16:47, Lauri Korpikoski (SJS) for Holding (Minor) at 18:47

Period #3

9. Flames , Michael Grabner 6 (Dan Hamhuis, Anze Kopitar) at 19:11

Penalties :
Josh Gorges (CGY) for Holding (Minor) at 1:03, Zach Bogosian (CGY) for Tripping (Minor) at 5:16, Dan Boyle (CGY) for Tripping (Minor) at 7:54, Francois Beauchemin (SJS) for Hooking (Minor) at 15:10

Goalie Stats

Martin Brodeur (SJS), 12 saves from 17 shots - (0.706), L, 5-8-2, 29:14 minutes
Scott Clemmensen (SJS), 14 saves from 15 shots - (0.933), 30:46 minutes
Sergei Bobrovsky (CGY), 22 saves from 22 shots - (1.000), W, 1-2-0, 52:14 minutes
Miikka Kiprusoff (CGY), 1 saves from 4 shots - (0.250), 7:46 minutes

Players Stats

Sharks
Player Name              G  A  P  +/- PIM S  H  SB FO    MP 
------------------------------------------------------------
Alex Tanguay             0  1  1  -3  0   0  1  0  0/0   17 
Blake Comeau             1  0  1   1  2   1  0  0  1/1   10 
Bryan McCabe             0  1  1   0  0   2  1  1  0/0   23 
Dainius Zubrus           0  0  0   0  0   2  1  0  0/2   15 
David Moss               0  0  0   0  0   1  1  0  0/1   10 
Eric Belanger            1  0  1   0  0   4  0  0  11/26 16 
Francois Beauchemin      1  0  1  -2  2   5  0  0  0/0   23 
Jarret Stoll             0  1  1   0  0   0  0  0  14/27 20 
Jeff Skinner             0  1  1  -2  2   1  5  0  2/5   19 
Johnny Boychuk           0  0  0  -2  0   2  3  0  0/0   22 
Lauri Korpikoski         0  0  0   0  6   1  1  0  0/0   11 
Marc Savard              0  0  0   0  4   1  0  0  7/8   8  
Marek Zidlicky           0  0  0  -1  0   1  0  3  0/0   24 
Mark Stuart              0  0  0   0  2   0  2  0  0/0   14 
Pierre-Alexandre Parente 0  1  1   0  2   3  0  0  2/3   13 
Shane Doan               0  1  1   1  0   2  0  0  0/2   11 
Shane OBrien             0  0  0  -1  0   0  1  0  0/0   12 
Tyler Ennis              0  0  0  -3  0   0  3  0  5/19  15 
Flames
Player Name              G  A  P  +/- PIM S  H  SB FO    MP 
------------------------------------------------------------
Alex Steen               0  0  0   1  0   3  0  0  1/2   24 
Anze Kopitar             0  1  1   0  0   2  2  1  22/36 21 
Carl Gunnarsson          0  0  0   0  0   0  0  0  0/0   7  
Dan Boyle                0  0  0   0  2   0  1  0  0/0   23 
Dan Hamhuis              0  2  2   3  2   0  1  2  0/0   21 
Devin Setoguchi          0  0  0   0  0   0  2  0  0/0   4  
Erik Johnson             0  2  2   4  0   2  1  0  0/0   18 
Jack Johnson             1  0  1   1  0   1  0  0  0/0   19 
Jiri Hudler              0  0  0  -1  2   0  3  0  0/0   13 
Joffrey Lupul            1  0  1   0  0   5  1  0  0/1   10 
John Tavares             1  4  5   4  0   6  0  0  18/31 22 
Josh Gorges              0  0  0  -1  6   0  1  0  0/0   16 
Michael Grabner          1  0  1   0  0   3  1  0  1/3   14 
Mikael Samuelsson        2  1  3   3  2   3  1  0  0/0   22 
Pierre-Marc Bouchard     0  0  0  -1  0   5  0  0  7/14  13 
Rob Schremp              0  0  0   1  0   1  1  0  3/7   8  
Teddy Purcell            0  0  0  -1  0   1  2  0  0/0   13 
Zach Bogosian            0  0  0  -1  4   0  1  2  0/0   17 

3 Stars

1 - John Tavares (CGY)
2 - Mikael Samuelsson (CGY)
3 - Sergei Bobrovsky (CGY)

Power Play

Sharks - 1 on 8 Attempt(s) - 12.50%
Flames - 1 on 9 Attempt(s) - 11.11%

Penalty Kill

Sharks - 8 on 9 Attempt(s) - 88.89% - Score 0 goal in Penalty Kill
Flames - 7 on 8 Attempt(s) - 87.50% - Score 0 goal in Penalty Kill

Game Notes

Sergei Bobrovsky enters game at 7:46 of 1st period
Scott Clemmensen enters game at 9:14 of 2nd period

Finance

Level 1 -- Attendance: 5797 (89.18%) -- Ticket Income $434,775.00
Level 2 -- Attendance: 4969 (99.38%) -- Ticket Income $248,450.00
Level 3 -- Attendance: 3446 (98.46%) -- Ticket Income $103,380.00
Level 4 -- Attendance: 2711 (82.43%) -- Ticket Income $43,376.00
Luxury Box -- Attendance: 986 (98.60%) -- Ticket Income $147,900.00
Game was played at the ScotiaBank Saddledome
Total Attendance: 17909 (92.85%)
Total Ticket Income: $1,066,110.00
Other Income: $177,729.90
Total Income: $1,243,840.00


Play by Play

Period #1

0:01 of 1st period - Jeff Skinner wins face-off versus Michael Grabner in neutral zone.
0:18 of 1st period - Shot by Michael Grabner.
0:18 of 1st period - Shot Misses the Net.
0:28 of 1st period - Tyler Ennis is hit by Michael Grabner and loses puck.
0:38 of 1st period - Icing by Anze Kopitar.
0:39 of 1st period - Jarret Stoll wins face-off versus Michael Grabner in Flames zone.
1:50 of 1st period - Bryan McCabe is hit by Mikael Samuelsson and loses puck.
2:37 of 1st period - Minor Penalty to Josh Gorges for Tripping.
2:38 of 1st period - Anze Kopitar wins face-off versus Tyler Ennis in Flames zone.
2:47 of 1st period - Shot by Johnny Boychuk.
2:47 of 1st period - Shot Blocked by Anze Kopitar.
2:49 of 1st period - Shot by Johnny Boychuk.
2:49 of 1st period - Shot Blocked by Dan Hamhuis.
2:51 of 1st period - Shot by Francois Beauchemin.
2:51 of 1st period - Stopped by Miikka Kiprusoff without a rebound.
2:52 of 1st period - Pierre-Alexandre Parenteau wins face-off versus Anze Kopitar in Flames zone.
3:19 of 1st period - Shot by Jeff Skinner.
3:19 of 1st period - Shot Misses the Net.
3:21 of 1st period - Shot by Francois Beauchemin.
3:21 of 1st period - Goal by Francois Beauchemin - Sharks : 1 - Flames : 0.
3:22 of 1st period - Eric Belanger wins face-off versus Pierre-Marc Bouchard in neutral zone.
3:32 of 1st period - Shot by Eric Belanger.
3:32 of 1st period - Goal by Eric Belanger - Sharks : 2 - Flames : 0.
3:33 of 1st period - Marc Savard wins face-off versus Pierre-Marc Bouchard in neutral zone.
3:46 of 1st period - Minor Penalty to Lauri Korpikoski for Slashing.
3:47 of 1st period - John Tavares wins face-off versus Jarret Stoll in Sharks zone.
3:50 of 1st period - Shot by Michael Grabner.
3:50 of 1st period - Stopped by Martin Brodeur without a rebound.
3:51 of 1st period - Eric Belanger wins face-off versus Anze Kopitar in Sharks zone.
4:56 of 1st period - Shot by Jeff Skinner.
4:56 of 1st period - Shot Misses the Net.
4:58 of 1st period - Shot by Johnny Boychuk.
4:58 of 1st period - Shot Blocked by Dan Hamhuis.
5:00 of 1st period - Shot by Eric Belanger.
5:00 of 1st period - Shot Misses the Net.
5:05 of 1st period - Jeff Skinner is hit by Erik Johnson and loses puck.
5:29 of 1st period - Anze Kopitar is hit by Mark Stuart and loses puck.
5:37 of 1st period - Mikael Samuelsson is hit by Mark Stuart and loses puck.
5:40 of 1st period - Shot by Dan Boyle.
5:40 of 1st period - Shot Misses the Net.
5:44 of 1st period - Shot by Alex Steen.
5:44 of 1st period - Stopped by Martin Brodeur without a rebound.
5:45 of 1st period - John Tavares wins face-off versus Eric Belanger in Sharks zone.
6:00 of 1st period - Minor Penalty to Pierre-Alexandre Parenteau for Elbowing.
6:01 of 1st period - John Tavares wins face-off versus Eric Belanger in Sharks zone.
6:10 of 1st period - Shot by Joffrey Lupul.
6:10 of 1st period - Goal by Joffrey Lupul - Sharks : 2 - Flames : 1.
6:11 of 1st period - Pierre-Marc Bouchard wins face-off versus Eric Belanger in neutral zone.
6:21 of 1st period - Shot by Pierre-Marc Bouchard.
6:21 of 1st period - Stopped by Martin Brodeur without a rebound.
6:22 of 1st period - Pierre-Marc Bouchard wins face-off versus Tyler Ennis in Sharks zone.
7:46 of 1st period - Shot by Blake Comeau.
7:46 of 1st period - Goal by Blake Comeau - Sharks : 3 - Flames : 1.
7:46 of 1st period - Sergei Bobrovsky enters game.
7:47 of 1st period - John Tavares wins face-off versus Eric Belanger in neutral zone.
7:47 of 1st period - John Tavares is hit by David Moss.
8:29 of 1st period - Minor Penalty to Lauri Korpikoski for Hooking.
8:30 of 1st period - John Tavares wins face-off versus Jarret Stoll in Sharks zone.
9:58 of 1st period - Shot by Joffrey Lupul.
9:58 of 1st period - Stopped by Martin Brodeur without a rebound.
9:59 of 1st period - Jarret Stoll wins face-off versus Anze Kopitar in Sharks zone.
10:16 of 1st period - Shot by Rob Schremp.
10:16 of 1st period - Stopped by Martin Brodeur without a rebound.
10:17 of 1st period - Jarret Stoll wins face-off versus John Tavares in Sharks zone.
11:08 of 1st period - Shane Doan is hit by Teddy Purcell and loses puck.
11:10 of 1st period - Minor Penalty to Josh Gorges for Holding.
11:11 of 1st period - Tyler Ennis wins face-off versus John Tavares in Flames zone.
13:15 of 1st period - Shot by Teddy Purcell.
13:15 of 1st period - Shot Misses the Net.
13:17 of 1st period - Shot by Josh Gorges.
13:17 of 1st period - Shot Misses the Net.
13:19 of 1st period - Shot by Pierre-Marc Bouchard.
13:19 of 1st period - Stopped by Martin Brodeur with a rebound.
13:27 of 1st period - Josh Gorges is hit by Lauri Korpikoski and loses puck.
13:34 of 1st period - Shot by Marc Savard.
13:34 of 1st period - Stopped by Sergei Bobrovsky without a rebound.
13:35 of 1st period - Rob Schremp wins face-off versus Eric Belanger in Flames zone.
13:37 of 1st period - Icing by Michael Grabner.
13:38 of 1st period - Pierre-Alexandre Parenteau wins face-off versus Rob Schremp in Flames zone.
13:45 of 1st period - Shot by Pierre-Alexandre Parenteau.
13:45 of 1st period - Deflect By Eric Belanger.
13:45 of 1st period - Shot Misses the Net.
13:47 of 1st period - Shot by Bryan McCabe.
13:47 of 1st period - Shot Misses the Net.
13:51 of 1st period - Shot by David Moss.
13:51 of 1st period - Shot Misses the Net.
13:53 of 1st period - Shot by David Moss.
13:53 of 1st period - Stopped by Sergei Bobrovsky with a rebound.
13:55 of 1st period - Shot by Pierre-Alexandre Parenteau.
13:55 of 1st period - Shot Misses the Net.
13:59 of 1st period - Shot by Pierre-Alexandre Parenteau.
13:59 of 1st period - Stopped by Sergei Bobrovsky without a rebound.
14:00 of 1st period - Marc Savard wins face-off versus John Tavares in Flames zone.
14:18 of 1st period - Minor Penalty to Marc Savard for Hooking.
14:19 of 1st period - Anze Kopitar wins face-off versus Eric Belanger in Sharks zone.
14:46 of 1st period - Shot by Mikael Samuelsson.
14:46 of 1st period - Deflect By Anze Kopitar.
14:46 of 1st period - Shot Misses the Net.
14:53 of 1st period - Minor Penalty to Mikael Samuelsson for Holding.
14:54 of 1st period - John Tavares wins face-off versus Jarret Stoll in Flames zone.
15:05 of 1st period - Shot by John Tavares.
15:05 of 1st period - Goal by John Tavares - Sharks : 3 - Flames : 2.
15:06 of 1st period - John Tavares wins face-off versus Tyler Ennis in neutral zone.
15:23 of 1st period - Shot by Johnny Boychuk.
15:23 of 1st period - Shot Misses the Net.
15:25 of 1st period - Shot by Johnny Boychuk.
15:25 of 1st period - Shot Hit the Post.
15:27 of 1st period - Shot by Francois Beauchemin.
15:27 of 1st period - Stopped by Sergei Bobrovsky without a rebound.
15:28 of 1st period - Anze Kopitar wins face-off versus Jarret Stoll in Flames zone.
15:39 of 1st period - Shot by Anze Kopitar.
15:39 of 1st period - Shot Misses the Net.
16:01 of 1st period - Shot by Jarret Stoll.
16:01 of 1st period - Shot Misses the Net.
16:33 of 1st period - Shot by Alex Tanguay.
16:33 of 1st period - Deflect By Shane Doan.
16:33 of 1st period - Stopped by Sergei Bobrovsky without a rebound.
16:34 of 1st period - Anze Kopitar wins face-off versus Jeff Skinner in Flames zone.
16:45 of 1st period - John Tavares is hit by Jeff Skinner and loses puck.
17:12 of 1st period - Shot by Pierre-Alexandre Parenteau.
17:12 of 1st period - Stopped by Sergei Bobrovsky without a rebound.
17:13 of 1st period - Marc Savard wins face-off versus Rob Schremp in Flames zone.
17:13 of 1st period - Marc Savard is hit by Dan Boyle.
17:29 of 1st period - Shot by Lauri Korpikoski.
17:29 of 1st period - Stopped by Sergei Bobrovsky without a rebound.
17:30 of 1st period - Eric Belanger wins face-off versus John Tavares in Flames zone.
17:45 of 1st period - Shot by Jack Johnson.
17:45 of 1st period - Goal by Jack Johnson - Sharks : 3 - Flames : 3.
17:46 of 1st period - Pierre-Marc Bouchard wins face-off versus Tyler Ennis in neutral zone.
17:59 of 1st period - Shot by Teddy Purcell.
17:59 of 1st period - Stopped by Martin Brodeur with a rebound.
18:02 of 1st period - Jiri Hudler is hit by Johnny Boychuk and loses puck.
18:06 of 1st period - Teddy Purcell is hit by Johnny Boychuk and loses puck.

Period #2

0:01 of 2nd period - Anze Kopitar wins face-off versus Jeff Skinner in neutral zone.
0:04 of 2nd period - Johnny Boychuk is hit by Devin Setoguchi.
0:09 of 2nd period - Off-side.
0:10 of 2nd period - Jarret Stoll wins face-off versus John Tavares in neutral zone.
0:43 of 2nd period - Off-side.
0:44 of 2nd period - Jeff Skinner wins face-off versus Anze Kopitar in neutral zone.
0:47 of 2nd period - Michael Grabner is hit by Tyler Ennis and loses puck.
0:51 of 2nd period - Minor Penalty to Dan Hamhuis for Hooking.
0:51 of 2nd period - Minor Penalty to Jeff Skinner for Tripping.
0:52 of 2nd period - Anze Kopitar wins face-off versus Tyler Ennis in Flames zone.
1:08 of 2nd period - Icing by Dan Boyle.
1:09 of 2nd period - Anze Kopitar wins face-off versus Jarret Stoll in Flames zone.
1:30 of 2nd period - Shot by Anze Kopitar.
1:30 of 2nd period - Shot Misses the Net.
1:47 of 2nd period - Shot by John Tavares.
1:47 of 2nd period - Shot Misses the Net.
1:56 of 2nd period - Icing by Alex Tanguay.
1:57 of 2nd period - Jarret Stoll wins face-off versus John Tavares in Sharks zone.
2:56 of 2nd period - Icing by Shane OBrien.
2:57 of 2nd period - Marc Savard wins face-off versus Pierre-Marc Bouchard in Sharks zone.
3:01 of 2nd period - Francois Beauchemin is hit by Jiri Hudler and loses puck.
3:08 of 2nd period - Shot by Lauri Korpikoski.
3:08 of 2nd period - Shot Hit the Post.
3:10 of 2nd period - Shot by Lauri Korpikoski.
3:10 of 2nd period - Shot Blocked by Zach Bogosian.
3:14 of 2nd period - Shot by Dainius Zubrus.
3:14 of 2nd period - Stopped by Sergei Bobrovsky with a rebound.
3:16 of 2nd period - Shot by Dainius Zubrus.
3:16 of 2nd period - Shot Misses the Net.
3:50 of 2nd period - Michael Grabner is hit by Dainius Zubrus and loses puck.
4:44 of 2nd period - Icing by David Moss.
4:45 of 2nd period - Eric Belanger wins face-off versus John Tavares in Sharks zone.
4:47 of 2nd period - Icing by Johnny Boychuk.
4:48 of 2nd period - John Tavares wins face-off versus Eric Belanger in Sharks zone.
4:58 of 2nd period - Minor Penalty to Mark Stuart for Tripping.
4:59 of 2nd period - Jarret Stoll wins face-off versus Anze Kopitar in Sharks zone.
5:10 of 2nd period - Shot by Dan Boyle.
5:10 of 2nd period - Shot Misses the Net.
5:28 of 2nd period - Shot by Alex Steen.
5:28 of 2nd period - Shot Misses the Net.
5:58 of 2nd period - Shot by Erik Johnson.
5:58 of 2nd period - Stopped by Martin Brodeur without a rebound.
5:59 of 2nd period - John Tavares wins face-off versus Dainius Zubrus in Sharks zone.
6:00 of 2nd period - Shot by Dan Hamhuis.
6:00 of 2nd period - Shot Hit the Post.
6:04 of 2nd period - Shot by John Tavares.
6:04 of 2nd period - Stopped by Martin Brodeur without a rebound.
6:05 of 2nd period - Michael Grabner wins face-off versus Eric Belanger in Sharks zone.
6:08 of 2nd period - Shot by John Tavares.
6:08 of 2nd period - Stopped by Martin Brodeur without a rebound.
6:09 of 2nd period - John Tavares wins face-off versus Jarret Stoll in Sharks zone.
6:38 of 2nd period - Shot by Erik Johnson.
6:38 of 2nd period - Shot Misses the Net.
7:12 of 2nd period - Shot by Pierre-Marc Bouchard.
7:12 of 2nd period - Stopped by Martin Brodeur without a rebound.
7:13 of 2nd period - Pierre-Marc Bouchard wins face-off versus David Moss in Sharks zone.
7:21 of 2nd period - Teddy Purcell is hit by Bryan McCabe and loses puck.
7:34 of 2nd period - Shot by Pierre-Alexandre Parenteau.
7:34 of 2nd period - Shot Blocked by Zach Bogosian.
7:35 of 2nd period - Minor Penalty to Zach Bogosian for Hooking.
7:36 of 2nd period - Anze Kopitar wins face-off versus Tyler Ennis in Flames zone.
8:07 of 2nd period - Shot by Johnny Boychuk.
8:07 of 2nd period - Deflect By Jeff Skinner.
8:07 of 2nd period - Shot Misses the Net.
8:09 of 2nd period - Shot by Francois Beauchemin.
8:09 of 2nd period - Stopped by Sergei Bobrovsky with a rebound.
8:39 of 2nd period - Minor Penalty to Blake Comeau for Interference.
8:40 of 2nd period - Anze Kopitar wins face-off versus Shane Doan in Sharks zone.
8:43 of 2nd period - Shot by Anze Kopitar.
8:43 of 2nd period - Deflect By Alex Steen.
8:43 of 2nd period - Stopped by Martin Brodeur without a rebound.
8:44 of 2nd period - John Tavares wins face-off versus Tyler Ennis in Sharks zone.
8:45 of 2nd period - Shot by Mikael Samuelsson.
8:45 of 2nd period - Shot Misses the Net.
8:47 of 2nd period - Shot by Dan Hamhuis.
8:47 of 2nd period - Deflect By John Tavares.
8:47 of 2nd period - Shot Misses the Net.
8:51 of 2nd period - Shot by Mikael Samuelsson.
8:51 of 2nd period - Goal by Mikael Samuelsson - Sharks : 3 - Flames : 4.
8:52 of 2nd period - Jarret Stoll wins face-off versus Anze Kopitar in neutral zone.
8:55 of 2nd period - Alex Steen is hit by Jeff Skinner and loses puck.
9:01 of 2nd period - Off-side.
9:02 of 2nd period - Tyler Ennis wins face-off versus John Tavares in neutral zone.
9:14 of 2nd period - Shot by Mikael Samuelsson.
9:14 of 2nd period - Goal by Mikael Samuelsson - Sharks : 3 - Flames : 5.
9:14 of 2nd period - Scott Clemmensen enters game.
9:15 of 2nd period - Anze Kopitar wins face-off versus Jarret Stoll in neutral zone.
9:37 of 2nd period - Eric Belanger is hit by Joffrey Lupul and loses puck.
10:50 of 2nd period - Mark Stuart is hit by Jiri Hudler and loses puck.
11:31 of 2nd period - Minor Penalty to Marc Savard for Hooking.
11:32 of 2nd period - Anze Kopitar wins face-off versus Jarret Stoll in Sharks zone.
11:45 of 2nd period - Shot by Dan Boyle.
11:45 of 2nd period - Shot Blocked by Marek Zidlicky.
12:37 of 2nd period - Shot by John Tavares.
12:37 of 2nd period - Deflect By Michael Grabner.
12:37 of 2nd period - Shot Misses the Net.
12:53 of 2nd period - Shot by John Tavares.
12:53 of 2nd period - Shot Blocked by Marek Zidlicky.
12:57 of 2nd period - Shot by John Tavares.
12:57 of 2nd period - Shot Hit the Post.
12:59 of 2nd period - Shot by Erik Johnson.
12:59 of 2nd period - Shot Misses the Net.
13:01 of 2nd period - Shot by Erik Johnson.
13:01 of 2nd period - Stopped by Scott Clemmensen without a rebound.
13:02 of 2nd period - Anze Kopitar wins face-off versus Eric Belanger in Sharks zone.
13:07 of 2nd period - Shot by Alex Steen.
13:07 of 2nd period - Stopped by Scott Clemmensen without a rebound.
13:08 of 2nd period - Eric Belanger wins face-off versus Anze Kopitar in Sharks zone.
13:08 of 2nd period - Eric Belanger is hit by Anze Kopitar.
13:15 of 2nd period - Icing by Jack Johnson.
13:16 of 2nd period - Eric Belanger wins face-off versus Anze Kopitar in Flames zone.
14:13 of 2nd period - Alex Tanguay is hit by Jiri Hudler and loses puck.
14:24 of 2nd period - Michael Grabner is hit by Jeff Skinner and loses puck.
14:39 of 2nd period - Shot by Joffrey Lupul.
14:39 of 2nd period - Shot Misses the Net.
15:36 of 2nd period - Shot by John Tavares.
15:36 of 2nd period - Shot Misses the Net.
16:24 of 2nd period - Shot by Eric Belanger.
16:24 of 2nd period - Shot Misses the Net.
16:26 of 2nd period - Shot by Bryan McCabe.
16:26 of 2nd period - Stopped by Sergei Bobrovsky without a rebound.
16:27 of 2nd period - Pierre-Marc Bouchard wins face-off versus Eric Belanger in Flames zone.
16:47 of 2nd period - Minor Penalty to Jiri Hudler for Holding.
16:48 of 2nd period - Jarret Stoll wins face-off versus Anze Kopitar in Flames zone.
17:01 of 2nd period - Shot by Shane Doan.
17:01 of 2nd period - Stopped by Sergei Bobrovsky without a rebound.
17:02 of 2nd period - Anze Kopitar wins face-off versus Shane Doan in Flames zone.
17:48 of 2nd period - Off-side.
17:49 of 2nd period - Anze Kopitar wins face-off versus Tyler Ennis in neutral zone.
17:58 of 2nd period - Shot by Johnny Boychuk.
17:58 of 2nd period - Shot Misses the Net.
18:47 of 2nd period - Minor Penalty to Lauri Korpikoski for Holding.
18:48 of 2nd period - Rob Schremp wins face-off versus Eric Belanger in Sharks zone.
18:49 of 2nd period - Shot by Joffrey Lupul.
18:49 of 2nd period - Stopped by Scott Clemmensen without a rebound.
18:50 of 2nd period - John Tavares wins face-off versus Eric Belanger in Sharks zone.
19:15 of 2nd period - Shot by John Tavares.
19:15 of 2nd period - Stopped by Scott Clemmensen without a rebound.
19:16 of 2nd period - Anze Kopitar wins face-off versus Jarret Stoll in Sharks zone.
19:25 of 2nd period - Shot by Anze Kopitar.
19:25 of 2nd period - Stopped by Scott Clemmensen without a rebound.
19:26 of 2nd period - Anze Kopitar wins face-off versus Jarret Stoll in Sharks zone.

Period #3

0:01 of 3rd period - Anze Kopitar wins face-off versus Eric Belanger in neutral zone.
0:51 of 3rd period - Jiri Hudler is hit by Tyler Ennis and loses puck.
1:03 of 3rd period - Minor Penalty to Josh Gorges for Holding.
1:04 of 3rd period - Jarret Stoll wins face-off versus Anze Kopitar in Flames zone.
1:42 of 3rd period - Icing by Bryan McCabe.
1:43 of 3rd period - John Tavares wins face-off versus Jarret Stoll in Sharks zone.
1:53 of 3rd period - Icing by Bryan McCabe.
1:54 of 3rd period - Anze Kopitar wins face-off versus Jarret Stoll in Sharks zone.
2:55 of 3rd period - Shot by Johnny Boychuk.
2:55 of 3rd period - Stopped by Sergei Bobrovsky without a rebound.
2:56 of 3rd period - Rob Schremp wins face-off versus Tyler Ennis in Flames zone.
2:56 of 3rd period - Alex Steen is hit by Jeff Skinner and loses puck.
3:19 of 3rd period - Shot by Pierre-Marc Bouchard.
3:19 of 3rd period - Stopped by Scott Clemmensen without a rebound.
3:20 of 3rd period - Marc Savard wins face-off versus Rob Schremp in Sharks zone.
3:24 of 3rd period - Johnny Boychuk is hit by Dan Hamhuis and loses puck.
4:10 of 3rd period - Marc Savard is hit by Josh Gorges and loses puck.
4:41 of 3rd period - Shot by David Moss.
4:41 of 3rd period - Shot Misses the Net.
4:45 of 3rd period - Shot by Eric Belanger.
4:45 of 3rd period - Shot Misses the Net.
4:47 of 3rd period - Shot by Eric Belanger.
4:47 of 3rd period - Shot Misses the Net.
5:16 of 3rd period - Minor Penalty to Zach Bogosian for Tripping.
5:17 of 3rd period - Anze Kopitar wins face-off versus Tyler Ennis in Flames zone.
5:30 of 3rd period - Shot by Jeff Skinner.
5:30 of 3rd period - Stopped by Sergei Bobrovsky without a rebound.
5:31 of 3rd period - Blake Comeau wins face-off versus Anze Kopitar in Flames zone.
5:44 of 3rd period - Marek Zidlicky is hit by Anze Kopitar and loses puck.
6:37 of 3rd period - Off-side.
6:38 of 3rd period - Anze Kopitar wins face-off versus Tyler Ennis in neutral zone.
6:46 of 3rd period - Off-side.
6:47 of 3rd period - Alex Steen wins face-off versus Jeff Skinner in neutral zone.
7:19 of 3rd period - Icing by Josh Gorges.
7:20 of 3rd period - Pierre-Marc Bouchard wins face-off versus Eric Belanger in Flames zone.
7:41 of 3rd period - Shot by Pierre-Marc Bouchard.
7:41 of 3rd period - Stopped by Scott Clemmensen without a rebound.
7:42 of 3rd period - Anze Kopitar wins face-off versus Marc Savard in Sharks zone.
7:42 of 3rd period - Michael Grabner is hit by Shane OBrien and loses puck.
7:54 of 3rd period - Minor Penalty to Dan Boyle for Tripping.
7:55 of 3rd period - Tyler Ennis wins face-off versus Anze Kopitar in Flames zone.
8:06 of 3rd period - Shot by Francois Beauchemin.
8:06 of 3rd period - Stopped by Sergei Bobrovsky without a rebound.
8:07 of 3rd period - Jarret Stoll wins face-off versus John Tavares in Flames zone.
8:12 of 3rd period - Shot by Bryan McCabe.
8:12 of 3rd period - Stopped by Sergei Bobrovsky without a rebound.
8:13 of 3rd period - John Tavares wins face-off versus Tyler Ennis in Flames zone.
9:18 of 3rd period - Shot by Shane Doan.
9:18 of 3rd period - Shot Misses the Net.
9:20 of 3rd period - Shot by Bryan McCabe.
9:20 of 3rd period - Shot Misses the Net.
9:22 of 3rd period - Shot by Marek Zidlicky.
9:22 of 3rd period - Stopped by Sergei Bobrovsky without a rebound.
9:23 of 3rd period - Tyler Ennis wins face-off versus John Tavares in Flames zone.
9:41 of 3rd period - Shot by Johnny Boychuk.
9:41 of 3rd period - Stopped by Sergei Bobrovsky without a rebound.
9:42 of 3rd period - Jarret Stoll wins face-off versus John Tavares in Flames zone.
9:55 of 3rd period - Shot by Eric Belanger.
9:55 of 3rd period - Stopped by Sergei Bobrovsky without a rebound.
9:56 of 3rd period - Eric Belanger wins face-off versus Rob Schremp in Flames zone.
10:13 of 3rd period - Shot by Joffrey Lupul.
10:13 of 3rd period - Stopped by Scott Clemmensen without a rebound.
10:14 of 3rd period - Marc Savard wins face-off versus Pierre-Marc Bouchard in Sharks zone.
10:16 of 3rd period - Icing by Lauri Korpikoski.
10:17 of 3rd period - John Tavares wins face-off versus Dainius Zubrus in Sharks zone.
10:53 of 3rd period - Shot by Dainius Zubrus.
10:53 of 3rd period - Shot Misses the Net.
11:49 of 3rd period - Shot by Michael Grabner.
11:49 of 3rd period - Stopped by Scott Clemmensen without a rebound.
11:50 of 3rd period - Eric Belanger wins face-off versus Pierre-Marc Bouchard in Sharks zone.
11:50 of 3rd period - Eric Belanger is hit by Teddy Purcell.
12:01 of 3rd period - Icing by Eric Belanger.
12:02 of 3rd period - Eric Belanger wins face-off versus Joffrey Lupul in Sharks zone.
12:02 of 3rd period - Pierre-Alexandre Parenteau is hit by Rob Schremp and loses puck.
12:23 of 3rd period - Shot by Pierre-Alexandre Parenteau.
12:23 of 3rd period - Stopped by Sergei Bobrovsky without a rebound.
12:24 of 3rd period - Marc Savard wins face-off versus Pierre-Marc Bouchard in Flames zone.
12:29 of 3rd period - Shot by Dainius Zubrus.
12:29 of 3rd period - Stopped by Sergei Bobrovsky with a rebound.
12:41 of 3rd period - Shot by Shane OBrien.
12:41 of 3rd period - Shot Misses the Net.
13:16 of 3rd period - Icing by Jiri Hudler.
13:17 of 3rd period - Eric Belanger wins face-off versus Pierre-Marc Bouchard in Flames zone.
13:24 of 3rd period - Shot by Eric Belanger.
13:24 of 3rd period - Stopped by Sergei Bobrovsky without a rebound.
13:25 of 3rd period - Anze Kopitar wins face-off versus Tyler Ennis in Flames zone.
13:25 of 3rd period - Anze Kopitar is hit by Jeff Skinner.
13:35 of 3rd period - Johnny Boychuk is hit by Devin Setoguchi and loses puck.
13:44 of 3rd period - Shot by Anze Kopitar.
13:44 of 3rd period - Stopped by Scott Clemmensen without a rebound.
13:45 of 3rd period - John Tavares wins face-off versus Eric Belanger in Sharks zone.
13:46 of 3rd period - Shot by Mikael Samuelsson.
13:46 of 3rd period - Stopped by Scott Clemmensen with a rebound.
14:02 of 3rd period - Shot by Eric Belanger.
14:02 of 3rd period - Stopped by Sergei Bobrovsky with a rebound.
14:30 of 3rd period - Icing by Mikael Samuelsson.
14:31 of 3rd period - John Tavares wins face-off versus Tyler Ennis in Flames zone.
14:31 of 3rd period - John Tavares is hit by Alex Tanguay.
15:10 of 3rd period - Minor Penalty to Francois Beauchemin for Hooking.
15:11 of 3rd period - John Tavares wins face-off versus Jarret Stoll in Sharks zone.
15:20 of 3rd period - Shot by John Tavares.
15:20 of 3rd period - Stopped by Scott Clemmensen without a rebound.
15:21 of 3rd period - Jarret Stoll wins face-off versus Anze Kopitar in Sharks zone.
16:08 of 3rd period - Shot by John Tavares.
16:08 of 3rd period - Shot Hit the Post.
16:10 of 3rd period - Shot by Dan Hamhuis.
16:10 of 3rd period - Deflect By John Tavares.
16:10 of 3rd period - Stopped by Scott Clemmensen without a rebound.
16:11 of 3rd period - Eric Belanger wins face-off versus John Tavares in Sharks zone.
16:22 of 3rd period - Shot by Michael Grabner.
16:22 of 3rd period - Shot Blocked by Bryan McCabe.
16:26 of 3rd period - Shot by Joffrey Lupul.
16:26 of 3rd period - Stopped by Scott Clemmensen without a rebound.
16:27 of 3rd period - Jarret Stoll wins face-off versus Alex Steen in Sharks zone.
17:20 of 3rd period - Shot by Pierre-Marc Bouchard.
17:20 of 3rd period - Shot Misses the Net.
17:58 of 3rd period - Icing by Francois Beauchemin.
17:59 of 3rd period - Jarret Stoll wins face-off versus Anze Kopitar in Sharks zone.
18:05 of 3rd period - Off-side.
18:06 of 3rd period - Tyler Ennis wins face-off versus John Tavares in neutral zone.
18:13 of 3rd period - Erik Johnson is hit by Johnny Boychuk and loses puck.
18:48 of 3rd period - Dan Hamhuis is hit by Tyler Ennis and loses puck.
19:07 of 3rd period - Shot by Michael Grabner.
19:07 of 3rd period - Shot Misses the Net.
19:09 of 3rd period - Shot by Dan Hamhuis.
19:09 of 3rd period - Shot Blocked by Marek Zidlicky.
19:11 of 3rd period - Shot by Michael Grabner.
19:11 of 3rd period - Goal by Michael Grabner - Sharks : 3 - Flames : 6.
19:12 of 3rd period - Pierre-Marc Bouchard wins face-off versus Pierre-Alexandre Parenteau in neutral zone.
19:45 of 3rd period - David Moss is hit by Zach Bogosian and loses puck.


Output by the SimonT Hockey Simulator (STHS) for Stephane Roy -- Original Page W3C XHTML 1.0 Valid